 Dungeon Crawl Stone Soup version 0.31-a0-640-g39d97e502b (webtiles) character file.

Game seed: 15626141104741269383

44 ytrimaz the Insei (level 3, -1/23 HPs)
             Began as an Octopode Shapeshifter on Aug 28, 2023.
             Slain by a gnoll
             ... wielding a +0 whip
              (9 damage)
             ... on level 2 of the Dungeon.
             The game lasted 00:01:14 (745 turns).

ytrimaz the Insei (Octopode Shapeshifter)            Turns: 745, Time: 00:01:14

Health: -1/23      AC:  1    Str: 13    XL:     3   Next: 60%
Magic:  3/3        EV: 13    Int: 12    God:
Gold:   77         SH:  0    Dex: 13    Spells: 2/2 levels left

rFire   . .          .
                       - Unarmed
rCold   . . .        (no shield)
rNeg    . . .        (helmet currently unavailable)
rPois   .            (no amulet)
rElec   .            (no ring)
rCorr   .            (no ring)
SInv    .            (no ring)
Will    +....        (no ring)
Stlth   ++           (no ring)
HPRegen 0.23/turn    (no ring)
MPRegen 0.08/turn    (no ring)
                     (no ring)

%: no passive effects
@: beast-form, enlightened, flying
A: beast (slay +2), almost no armour, amphibious, 8 rings, camouflage 1,
gelatinous body 1, (nimble swimmer 1), tentacles
a: Begin Untransformation


You were on level 2 of the Dungeon.
You were a hulking beast.
You visited 1 branch of the dungeon, and saw 2 of its levels.

You collected 77 gold pieces.


Innate Abilities, Weirdness & Mutations

You are a hulking beast.
Your limbs bulge with bestial killing power. (Slay +2)
You cannot wear most types of armour.
You are amphibious.
You can wear up to eight rings at the same time.
Your skin changes colour to match your surroundings (Stealth+).
Your rubbery body absorbs attacks. (AC +1, EV +1)
((You are camouflaged when in or above water. (Stealth+)))
You have tentacles for arms and can constrict up to eight enemies at once.


   Skills:
 - Level 1.0 Fighting
 - Level 2.0 Dodging
 + Level 3.8 Unarmed Combat
 + Level 3.7 Shapeshifting


You had 2 spell levels left.
You didn't know any spells.
Your spell library was empty.

Inventory:

Jewellery
 f - a ring of wizardry
   (You found it on level 1 of the Dungeon)
Talismans
 b - a beast talisman (active)
 c - a flux talisman
Scrolls
 e - a scroll of immolation {unknown}
 h - 3 scrolls of identify {unknown}
 j - a scroll of fog {unknown}
 k - a scroll of noise {unknown}
Potions
 a - 2 potions of lignification
 d - a potion of enlightenment
 g - a potion of heal wounds
 i - a potion of magic {unknown}

Dungeon Overview and Level Annotations

Branches:
Dungeon (2/15) Zot: 11257

Altars:

#.. ### #######..
...# #.....#..
##..# #.###.#..
..... #.# #....
...... #.#####..
...(..# #...[.#..
..(...g#####
#####.#.#
......gh†..###
#.#.#
########g....#
###.#.# #.....#
#...#.# #.....#
#.###.# #.....#
#.###.. #.....#
#.##..# #.....#
###...†.#
#####.###....)...
#.##..####.##


You could see 3 gnolls.


Message History

A rat is nearby!
A rat is nearby!
A hobgoblin comes into view.
A kobold comes into view. It is wielding a +0 short sword.
The kobold shouts!
You barely miss the hobgoblin. You grab the hobgoblin.
You squeeze the hobgoblin.
You kill the hobgoblin!
You tentacle-slap the rat but do no damage.
Your grab misses the rat. The rat bites you. 😕 HP[-2]
You take 2 damage, and now have 21/23 hp.
You barely miss the rat. Your grab misses the rat. The rat bites you. 😕 HP[-2]
You take 2 damage, and now have 19/23 hp.
You bludgeon the rat!
You kill the rat!
The kobold hits you with a +0 short sword. 😮 HP[-4]
You take 4 damage, and now have 15/23 hp.
Found a stone staircase leading down.
The kobold closely misses you. 😮 HP[+1]
You are too injured to fight recklessly!
Unknown command.
You are too injured to fight recklessly!
You are too injured to fight recklessly!
You tentacle-slap the kobold. You grab the kobold. You squeeze the kobold.
You kill the kobold!
You see here a +0 short sword.
Unknown command.
Found a stone staircase leading up. 😎 HP[+7]
Your hp is fully restored (23).
You see here a +0 short sword.
You see here a +0 helmet.
Key pressed, stopping explore.
There is a stone staircase leading down here.
A bat and a ball python come into view.
There are monsters nearby!
There are monsters nearby!
There are monsters nearby!
A gnoll comes into view. It is wielding a +0 halberd.
The gnoll shouts!
You hear a shout! x2
The bat misses you.
The gnoll moves out of view.
You closely miss the bat.
The ball python hisses angrily.
You grab the bat. You constrict the bat. The bat closely misses you.
The bat struggles to escape constriction.
The bat escapes!
A gnoll comes into view. It is wielding a +0 spear.
The bat hits you but does no damage. x2
The ball python bites you but does no damage.
The ball python barely misses you. The ball python closely misses you. x2
You bludgeon the ball python!
You kill the ball python!
The bat hits you. The bat misses you.
A gnoll comes into view. It is wielding a +0 whip. 😕 HP[-1]
You take 1 damage, and now have 22/23 hp.
The bat attacks as it pursues you! The bat closely misses you.
The bat hits you. The gnoll closely misses you. 😕 HP[-1]
You take 1 damage, and now have 21/23 hp.
You barely miss the bat. Your grab misses the bat. The bat barely misses you.
The bat completely misses you. The gnoll misses you. 😕 HP[+1]
The bat hits you. The gnoll barely misses you. 😕 HP[-1]
You take 1 damage, and now have 21/23 hp.
You barely miss the bat. Your grab misses the bat. Your squeeze misses the bat.
The bat closely misses you.
You tentacle-slap the bat. You grab the bat. You squeeze the bat.
You kill the bat!
The gnoll hits you from afar with a +0 halberd! 😮 HP[-8]
You take 8 damage, and now have 13/23 hp.
MASSIVE DAMAGE!! (PAUSE)
The gnoll hits you from afar with a +0 spear.
* * * LOW HITPOINT WARNING * * *
The gnoll barely misses you.
You see here a bat corpse. 😨 HP[-5]
You take 5 damage, and now have 8/23 hp.
MASSIVE DAMAGE!! (PAUSE) It was a potion of enlightenment.
You feel very buoyant.
You fly up into the air.
The gnoll hits you from afar with a +0 spear.
* * * LOW HITPOINT WARNING * * *
😱 HP[-4]
You take 4 damage, and now have 4/23 hp.
It was a potion of heal wounds.
You feel much better.
The gnoll hits you from afar with a +0 spear.
The gnoll barely misses you. 😮 HP[+13]
You regained 13 hp, and now have 17/23 hp.
The gnoll hits you with a +0 spear!
* * * LOW HITPOINT WARNING * * *
The gnoll hits you with a +0 whip!
You die...

Action                     || total
---------------------------++-------
  Melee: Unarmed           ||    54
         Constrict         ||    16
         Tentacles         ||     8
         Punch             ||     4
    Use: Potion            ||     2
   Stab: Sleeping          ||     6
 Armour: Skin              ||     7
  Dodge: Dodged            ||    39

Levels and vault maps discovered:
D:1:      minmay_arrival_checkered_box, layout_rooms
D:2:      layout_basic

Notes
Turn   | Place    | Note
-------+----------+-------------------------------------------
     0 | D:1      | ytrimaz the Octopode Shapeshifter began the quest for the
                  | Orb.
     0 | D:1      | Reached XP level 1. HP: 13/13 MP: 1/1
     0 | D:1      | magus.rc [v1.9.6]
   116 | D:1      | Reached XP level 2. HP: 18/18 MP: 2/2
   433 | D:2      | Reached XP level 3. HP: 23/23 MP: 3/3
   743 | D:2      | HP: 4/23 [gnoll/+0 spear (4)]
   745 | D:2      | Slain by a gnoll

Vanquished Creatures
  A worm (D:2)
  3 dart slugs
  4 endoplasms
  2 giant cockroaches (D:1)
  5 goblins
  2 hobgoblins (D:2)
  A quokka (D:1)
  3 ball pythons
  3 bats
  A frilled lizard (D:2)
  5 kobolds
  3 rats
33 creatures vanquished.

Table legend:
 A = Non-vault XP
 B = Vault XP
 C = Vault XP percentage of total XP
 D = Non-vault monster count
 E = Vault monster count
 F = Vault count percentage of total count
                 A         B        C        D         E       F
            +---------+---------+-------+---------+---------+-------
      Total |      63 |       0 |   0.0 |      33 |       0 |   0.0
            +---------+---------+-------+---------+---------+-------
        D:1 |      30 |       0 |   0.0 |      17 |       0 |   0.0
        D:2 |      33 |       0 |   0.0 |      16 |       0 |   0.0
            +---------+---------+-------+---------+---------+-------

Action                     || total
---------------------------++-------
  Melee: Unarmed           ||    54
         Constrict         ||    16
         Tentacles         ||     8
         Punch             ||     4
    Use: Potion            ||     2
   Stab: Sleeping          ||     6
 Armour: Skin              ||     7
  Dodge: Dodged            ||    39

Illustrated notes

Table legend:
 A = Kills in this place as a percentage of kills in the entire game.
 B = Kills by you in this place as a percentage of kills by you in the entire game.
 C = Kills by friends in this place as a percentage of kills by friends in the entire game.
 D = Other kills in this place as a percentage of other kills in the entire game.
 E = Experience gained in this place as a percentage of experience gained in the entire game.
 F = Experience gained in this place divided by the number of levels of this place that you have seen.
                   A       B       C       D       E      F
               +-------+-------+-------+-------+-------+----------------------
         Total | 100.0 | 100.0 |   N/A |   N/A | 100.0 |  31.5
       Dungeon | 100.0 | 100.0 |   N/A |   N/A | 100.0 |  31.5
               +-------+-------+-------+-------+-------+----------------------

Table legend: (Time is in decaauts)
 A = Elapsed time spent in this place.
 B = Non-inter-level travel time spent in this place.
 C = Inter-level travel time spent in this place.
 D = Time resting spent in this place.
 E = Time spent auto-exploring this place.
 F = Levels seen in this place.
 G = Mean time per level.
                   A        B        C        D        E       F      G
               +--------+--------+--------+--------+--------+-----+--------+
         Total |    741 |    735 |      6 |      0 |    519 |   2 |  370.5 |
       Dungeon |    741 |    735 |      6 |      0 |    519 |   2 |  370.5 |
               +--------+--------+--------+--------+--------+-----+--------+

Top non-repeatable levels by time:
     D:1: 424 daAuts
     D:2: 316 daAuts
